 Dungeon Sprint DCSS version 0.28.0-1-gb440e238dd (webtiles) character file.

Game seed: 12927348457942578420

1079 boopmooplesden the Cleaver (level 8, -2/82 HPs)
             Began as a Hill Orc Fighter on Feb 26, 2022.
             Slain by a boulder beetle (19 damage)
             ... in the Dungeon (Sprint II: "The Violet Keep of Menkaure").
             The game lasted 00:01:12 (765 turns).

boopmooplesden the Cleaver (Hill Orc Fighter)        Turns: 765, Time: 00:01:13

Health: -2/82      AC:  8    Str: 18 (19) XL:     8   Next: 29%
Magic:  7/7        EV: 10    Int:  7 (8)  God:
Gold:   729        SH:  6    Dex: 10      Spells: 7/7 levels left

rFire   . . .      SeeInvis .   a - +0 war axe
rCold   . . .      Faith    .   c - +0 buckler
rNeg    . . .      Spirit   .   b - +0 scale mail
rPois   .          Reflect  .   (no helmet)
rElec   .          Harm     .   (no cloak)
rCorr   .          Rampage  .   (no gloves)
Will    .....      NoTele   +   (no boots)
Stlth   ..........              (no amulet)
HPRegen 0.00/turn               (no ring)
MPRegen 0.10/turn               (no ring)

@: on berserk cooldown, inhibited regen, slowed, unable to read, very slow
A: deterioration 2, low MP 1, inhibited regeneration, weak 1, subdued magic 1,
inability to read while threatened
a: no special abilities


You were in the Dungeon.
You visited 1 branch You collected 729 gold pieces.

Inventory:

Hand Weapons
 a - a +0 war axe (weapon)
Armour
 b - a +0 scale mail (worn)
 c - a +0 buckler (worn)
Scrolls
 j - a scroll of blinking
Potions
 f - a potion of heal wounds
 g - a potion of haste
 h - 2 potions of magic


   Skills:
 + Level 11.1 Fighting
 + Level 12.0 Axes
 + Level 10.9 Armour
 + Level 1.7 Dodging
 + Level 9.2 Shields


You had 7 spell levels left.
You didn't know any spells.
Your spell library was empty.

Dungeon Overview and Level Annotations

Branches:
Dungeon (1/1)

Altars:


Innate Abilities, Weirdness & Mutations

Your body often deteriorates upon taking damage.
Your magical capacity is low. (-10% MP)
You do not regenerate when monsters are visible.
You are weak. (Str -2)
Your spells are a little easier to cast, but a little less powerful.
You sometimes lose the ability to read scrolls when taking damage.


Message History

You hit the boulder beetle but do no damage.
The boulder beetle is lightly wounded.
The boulder beetle bites you!
You hit the boulder beetle but do no damage.
The boulder beetle is lightly wounded.
The boulder beetle bites you.
You slash the boulder beetle!
The boulder beetle is moderately wounded.
You slice the boulder beetle!!
The boulder beetle is heavily wounded.
The boulder beetle bites you!
Your body deteriorates!
You feel dopey.
You hit the boulder beetle but do no damage.
The boulder beetle is heavily wounded.
You hit the boulder beetle but do no damage.
The boulder beetle is heavily wounded.
The boulder beetle bites you!!
You feel threatened and lose the ability to read scrolls!
You hit the boulder beetle.
The boulder beetle is severely wounded.
The boulder beetle leaps!
The boulder beetle bites you but does no damage.
There is an open door here.
You slash the boulder beetle!
The boulder beetle is lightly wounded.
The boulder beetle curls into a ball and begins rolling!
The boulder beetle leaps!
You are no longer berserk.
You are exhausted.
You feel yourself slow down.
You hit the boulder beetle but do no damage.
The boulder beetle is severely wounded.
The boulder beetle hits you!!
* * * LOW HITPOINT WARNING * * *
Your body deteriorates!
You feel weakened.
The boulder beetle stops rolling and uncurls.
You hit the boulder beetle but do no damage.
The boulder beetle is heavily wounded.
The boulder beetle bites you!!
You die...

##+## ##...##
#..#..#
####.#.####
#.###†###@##
##..##○##B..#
+.##°B<.'###+
##.B##.##..$#
.
#.###'###.##..
######.####≈≈.
#..##.# ≈≈≈≈
##...##≈≈≈§≈
#≈≈##†##≈≈§≈≈≈


You could see a boulder beetle.

Vanquished Creatures
  3 neqoxecs (D)
  A water moccasin (D)
  4 necrophages (D)
  4 scorpions (D)
12 creatures vanquished.

Notes
Turn   | Place    | Note
-------+----------+-------------------------------------------
     0 | D        | boopmooplesden the Hill Orc Fighter began the quest for the
                  | Orb.
     0 | D        | Reached XP level 1. HP: 19/19 MP: 1/1
     1 | D        | Noticed a scorpion
     1 | D        | Noticed a scorpion
     1 | D        | Noticed a scorpion
     1 | D        | Noticed a scorpion
     6 | D        | Killed a scorpion
     7 | D        | Reached skill level 5 in Fighting
     7 | D        | Reached skill level 4 in Axes
     7 | D        | Reached skill level 5 in Armour
     7 | D        | Reached skill level 5 in Shields
     7 | D        | Reached XP level 2. HP: 11/30 MP: 2/2
     7 | D        | Reached XP level 3. HP: 14/37 MP: 3/3
     7 | D        | Reached XP level 4. HP: 17/44 MP: 4/4
    11 | D        | Killed a scorpion
    12 | D        | Reached skill level 5 in Axes
    12 | D        | Reached XP level 5. HP: 24/51 MP: 5/5
    15 | D        | Reached skill level 6 in Axes
    18 | D        | Reached XP level 6. HP: 18/61 MP: 6/6
   273 | D        | Noticed a boulder beetle
   273 | D        | Noticed a boulder beetle
   276 | D        | Noticed a neqoxec
   284 | D        | Killed a neqoxec
   285 | D        | Reached skill level 8 in Axes
   286 | D        | Noticed a neqoxec
   286 | D        | Noticed a neqoxec
   287 | D        | Noticed an orange crystal statue
   288 | D        | Gained mutation: Your magical capacity is low. (-10% MP) [a
                  | neqoxec]
   290 | D        | Gained mutation: You have hidden genetic defects. [a
                  | neqoxec]
   290 | D        | Gained mutation: Your spells are a little easier to cast,
                  | but a little less powerful. [a neqoxec]
   302 | D        | Gained mutation: You are weak. (Str -2) [a neqoxec]
   303 | D        | Killed a neqoxec
   304 | D        | Reached skill level 9 in Axes
   304 | D        | Reached skill level 1 in Dodging
   304 | D        | Reached XP level 7. HP: 44/71 MP: 6/6
   304 | D        | Gained mutation: Your body sometimes deteriorates upon
                  | taking damage. [hidden defects]
   311 | D        | Gained mutation: You sometimes lose the ability to read
                  | scrolls when taking damage. [a neqoxec]
   313 | D        | Gained mutation: Your body often deteriorates upon taking
                  | damage. [a neqoxec]
   319 | D        | Killed a neqoxec
   320 | D        | Reached skill level 10 in Fighting
   320 | D        | Reached skill level 10 in Axes
   320 | D        | Reached skill level 10 in Armour
   451 | D        | Gained mutation: You do not regenerate when monsters are
                  | visible. [hidden defects]
   451 | D        | Lost mutation: You have hidden genetic defects. [hidden
                  | defects expressed]
   592 | D        | Reached skill level 11 in Axes
   599 | D        | Reached XP level 8. HP: 53/81 MP: 7/7
   605 | D        | Reached skill level 12 in Axes
   765 | D        | Slain by a boulder beetle

Illustrated notes

Levels and vault maps discovered:
D:        the_violet_keep_of_menkaure [sprint2_stairs_cluster_1,
          sprint2_shoproom, sprint2_temple, sprint2_basic_supplies,
          sprint2_obstacle_4, sprint2_obstacle_2, sprint2_obstacle_3,
          sprint2_obstacle_7, sprint2_obstacle_6, sprint2_timed_cluster_1,
          sprint2_smallroom_cluster_1, sprint2_smallroom_final_cluster_1,
          sprint2_transparent_cluster_1, sprint2_second_timed_cluster_1,
          sprint2_sniper_area_1, sprint2_heavy_combat_area_1,
          sprint2_mutation_trap_area_1, sprint2_forest_area_1,
          sprint2_light_combat_area_1, sprint2_behind_water_1,
          sprint2_near_end_vault_1]

Skill      XL: |  1  2  3  4  5  6  7  8 |
---------------+-------------------------+-----
Fighting       | 5 6 8 9 10 11 | 11.1
Axes           | 4 5 6 9 11 12 | 12.0
Armour         | 5 6 8 9 10 | 10.9
Shields        | 5 6 7 8 9 |  9.2
Dodging        | 1 |  1.7

Action                   |  1- 3 |  4- 6 |  7- 9 || total
-------------------------+-------+-------+-------++-------
Melee: War axe           |     4 |    30 |    58 ||    92
  Use: Potion            |     1 |     1 |     1 ||     3
Armor: Scale mail        |       |     9 |    14 ||    23
Dodge: Dodged            |     2 |     7 |    11 ||    20
Block: Buckler           |     1 |     6 |     4 ||    11
